AoeStats
← Goku_San

Black Forest

508667077Analyzed
4v4 RM · 9d ago on Sep 23, 2026· 52m 29s· 8 players
Game mode
Random Map
Map size
Large (8 player)
Population
200
Speed
Normal
Resources
Standard
Victory
Conquest
Starting age
Dark Age
Ending age
Imperial Age
RankedLock teamsTeams togetherTeam positionsShared explorationLock speedFull tech treeHidden civsTurbo modeCheats
Victory
Defeat
🇪🇨 Turks · Ecuador
1353
+14
🇮🇱 Celts · Israel
1271
+17
🇳🇱 Bohemians · Netherlands
1266
+17
🇨🇳 Portuguese · China
1194
+21
🇹🇼 Persians · Taiwan
1312
-18
🇺🇸 Slavs · United States
1298
-17
🇭🇰 Franks · Hong Kong SAR China
1293
-17
🇸🇮 Danes · Slovenia
1284
-17
WanGGG
11:44 Feudal Age
15:09 Castle Age
13:05 Double-Bit Axe
13:39 Gold Mining
19:45 Loom
22:47 Bow Saw
24:14 Fervor
24:57 Stone Mining
28:36 Imperial Age
26:47 Scale Barding Armor
28:14 Chain Barding Armor
28:39 Husbandry
29:22 Cavalier
30:26 Conscription
31:17 Plate Barding Armor
30:53 Paladin
33:06 Wheelbarrow
32:16 Town Watch
34:22 Hand Cart
34:23 Forging
35:57 Chemistry
35:37 Fletching
38:32 Iron Casting
40:30 Elite Skirmisher
42:20 Bodkin Arrow
42:01 Light Cavalry
42:41 Crossbowman
43:52 Bodkin Arrow
44:41 Padded Archer Armor
45:05 Ballistics
45:47 Blast Furnace
47:35 Caravan
50:12 Squires
50:54 Squires
51:17 Pikeman
slapstickisfunny
4:29 Loom
7:22 Loom
11:58 Feudal Age
12:05 Man-at-Arms
14:26 Double-Bit Axe
14:22 Horse Collar
16:49 Forging
17:33 Fletching
23:04 Castle Age
22:02 Gold Mining
22:04 Stone Mining
25:03 Bow Saw
25:44 Heavy Plow
30:03 Bodkin Arrow
30:14 Scale Mail Armor
31:57 Wheelbarrow
33:52 Imperial Age
31:49 Fortified Wall
31:44 Town Watch
32:35 Detinets
33:16 Gold Shaft Mining
34:13 Hand Cart
34:38 Masonry
35:20 Iron Casting
34:51 Scale Barding Armor
35:04 Chain Mail Armor
37:20 Blast Furnace
36:50 Conscription
36:24 Pikeman
37:05 Squires
37:31 Ballistics
38:11 Chemistry
37:20 Siege Engineers
37:37 Druzhina
37:05 Halberdier
38:17 Plate Mail Armor
38:13 Padded Archer Armor
38:24 Town Patrol
39:15 Chain Barding Armor
40:22 Two-Man Saw
41:54 Crop Rotation
42:30 Heavy Scorpion
44:23 Elite Boyar
48:12 Guard Tower
48:18 Murder Holes
49:00 Hoardings
51:35 Onager
m00n
0:29 Loom
11:58 Feudal Age
15:55 Castle Age
14:17 Double-Bit Axe
14:53 Horse Collar
25:17 Elite Skirmisher
39:02 Ballistics
39:39 Wheelbarrow
39:25 Fletching
39:36 Padded Archer Armor
39:53 Thumb Ring
41:21 Bodkin Arrow
41:42 Leather Archer Armor
53:45 Imperial Age
51:31 Hand Cart
51:31 Pikeman
52:12 Squires
藥膏
11:03 Feudal Age
12:47 Double-Bit Axe
12:44 Horse Collar
12:51 Loom
15:09 Castle Age
15:51 Bow Saw
16:48 Wheelbarrow
17:08 Heavy Plow
18:48 Loom
28:04 Imperial Age
26:18 Hand Cart
25:54 Gold Mining
25:55 Stone Mining
26:50 Forging
26:46 Scale Barding Armor
28:24 Iron Casting
28:02 Bloodlines
27:53 Husbandry
28:47 Chain Barding Armor
29:48 Chemistry
29:09 Ballistics
28:46 Murder Holes
29:40 Conscription
29:14 Elite War Elephant
31:04 Blast Furnace
31:35 Plate Barding Armor
32:40 Two-Man Saw
32:58 Coinage
32:39 Guilds
32:30 Caravan
33:48 Gold Shaft Mining
33:49 Stone Shaft Mining
34:19 Banking
47:42 Light Cavalry
[ECU] QUITUS
0:44 Loom
11:32 Feudal Age
15:19 Castle Age
32:09 Horse Collar
32:25 Double-Bit Axe
34:39 Wheelbarrow
34:49 Padded Archer Armor
35:09 Bow Saw
35:03 Heavy Plow
38:17 Leather Archer Armor
43:17 Imperial Age
43:47 Fletching
45:01 Ring Archer Armor
45:12 Scale Barding Armor
45:17 Forging
46:24 Chain Barding Armor
47:23 Iron Casting
47:01 Bloodlines
46:52 Husbandry
48:11 Plate Barding Armor
48:28 Hand Cart
49:50 Blast Furnace
52:19 Town Watch
Rene
10:36 Feudal Age
14:11 Castle Age
12:15 Double-Bit Axe
12:32 Horse Collar
15:26 Bow Saw
15:48 Heavy Plow
20:26 Wheelbarrow
21:57 Hand Cart
27:24 Imperial Age
25:17 Town Watch
25:18 Loom
26:39 Chemistry
26:12 Fletching
26:22 Scale Mail Armor
26:32 Forging
26:23 Padded Archer Armor
27:35 Bodkin Arrow
27:50 Forging
27:27 Pikeman
28:25 Chain Mail Armor
28:25 Leather Archer Armor
29:22 Two-Man Saw
28:28 Squires
29:05 Bracer
29:40 Iron Casting
30:35 Plate Mail Armor
30:41 Iron Casting
29:58 Halberdier
31:45 Ring Archer Armor
32:22 Conscription
32:07 Wagenburg Tactics
32:58 Siege Engineers
34:28 Houfnice
36:13 Blast Furnace
43:57 Arson
47:11 Town Patrol
Goku_San
6:01 Loom
10:11 Feudal Age
10:40 Double-Bit Axe
14:57 Castle Age
13:54 Gold Mining
14:17 Horse Collar
15:57 Bow Saw
28:41 Wheelbarrow
28:07 Stone Mining
28:53 Gold Shaft Mining
32:05 Imperial Age
30:39 Stone Shaft Mining
30:21 Scale Mail Armor
30:46 Forging
31:03 Hand Cart
30:42 Pikeman
31:41 Chain Mail Armor
32:22 Iron Casting
32:12 Halberdier
33:25 Plate Mail Armor
33:55 Conscription
33:16 Onager
35:26 Blast Furnace
34:56 Heavy Plow
38:30 Chemistry
38:13 Siege Engineers
38:00 Siege Onager
39:34 Furor Celtica
rower56
1:17 Loom
13:29 Feudal Age
23:30 Double-Bit Axe
27:03 Castle Age
25:06 Gold Mining
25:18 Stone Mining
25:34 Fletching
27:59 Bodkin Arrow
27:57 Horse Collar
28:49 Bow Saw
29:05 Fervor
33:53 Imperial Age
32:13 Heavy Plow
34:05 Sanctity
33:49 Crossbowman
34:34 Thumb Ring
35:00 Fortified Wall
35:31 Block Printing
38:07 Theocracy
38:17 Guilds
39:03 Wheelbarrow
38:40 Arbalester
40:07 Padded Archer Armor
41:22 Chemistry
40:42 Ballistics
41:04 Bracer
41:45 Hand Cart
44:20 Town Watch
45:49 Arquebus
46:09 Conscription
46:00 Siege Engineers
46:16 Bombard Tower
46:07 Masonry
Connection lost

Rejoining the realm…

Still unreachable

The connection could not be restored.

Session expired

The server has moved on; the page needs a fresh start.